Capitals vs Jets

Created - November-12-12 at 18:23

Goals
1 2 3 T
Capitals 0 1 0 1
Jets 1 1 1 3
Shots
1 2 3 T
Capitals 5 6 1 12
Jets 10 13 3 26

1st period

1. Jets , Henrik Sedin 5 (Jamie Benn, Mark Giordano) at 3:52

Penalties :
Marc Methot (WSH) for Roughing (Minor) at 6:04, Erik Cole (WPG) for Hooking (Minor) at 17:56, Ryan McDonagh (WSH) for High sticking (Minor) at 17:56

2nd period

2. Capitals , Tomas Fleischmann 6 (Alexander Semin, Willie Mitchell) at 5:01
3. Jets , Mark Giordano 4 (Jamie Benn) at 8:56 (PP)

Penalties :
Marc Methot (WSH) for High sticking (Minor) at 1:40, Douglas Murray (WSH) for Roughing (Minor) at 8:33, Marc Methot (WSH) for Roughing (Double Minor) at 12:05, Tomas Fleischmann (WSH) for Tripping (Minor) at 17:52

3rd period

4. Jets , David Backes 5 (Mark Giordano, Martin Erat) at 2:07 (PP)

Penalties :
Ryan McDonagh (WSH) for Holding (Minor) at 0:24, Marc Methot (WSH) for Slashing (Double Minor) at 12:47

Goalie Stats

Jimmy Howard (WSH), 23 saves from 26 shots - (0.885), L, 9-2-3, 60:00 minutes
Ilya Bryzgalov (WPG), 11 saves from 12 shots - (0.917), W, 12-3-3, 60:00 minutes

Players Stats for Capitals

Player Name              G  A  P  +/- PIM S  H  SB GA TA FO     MP     PP MP  PK MP  
------------------------------------------------------------------------------------
Alexander Ovechkin       0  0  0   0  0   2  5  1  0  0  4/11   25:30   0:00   8:35 
Alexander Semin          0  1  1   0  0   0  1  0  0  0  0/0    15:53   0:00   1:32 
Cory Sarich              0  0  0   0  0   0  3  1  0  0  0/0     9:10   0:00   2:13 
David Desharnais         0  0  0   0  0   0  0  0  0  0  6/17   22:55   0:00   8:43 
Douglas Murray           0  0  0   0  2   0  1  1  0  0  0/0    17:29   0:00   5:51 
Jeff Halpern             0  0  0   0  0   1  1  0  0  0  3/3    14:39   0:00   2:48 
Jiri Tlusty              0  0  0   0  0   1  1  0  0  0  5/11   11:51   0:00   0:00 
Kimmo Timonen            0  0  0   0  0   0  0  1  0  0  0/0    19:45   0:00   7:25 
Marc Methot              0  0  0   0  12  0  2  2  0  0  0/0    14:37   0:00   1:38 
Mathieu Perreault        0  0  0   0  0   0  0  0  0  0  2/9    13:38   0:00   0:00 
Matt Stajan              0  0  0   0  0   0  0  0  0  0  1/5     3:31   0:00   0:00 
Mike Green               0  0  0   0  0   1  0  0  0  0  0/0    13:22   0:00   0:46 
Ryan McDonagh            0  0  0   0  4   0  1  0  0  0  0/0    24:33   0:00   6:15 
Ryane Clowe              0  0  0   0  0   2  1  0  0  0  1/2    19:20   0:00   5:33 
Taylor Hall              0  0  0   0  0   2  0  0  0  0  0/0    11:56   0:00   0:00 
Tomas Fleischmann        1  0  1   0  2   3  0  1  0  0  2/8    19:15   0:00   4:51 
Trent Hunter             0  0  0   0  0   0  0  0  0  0  0/0     3:31   0:00   0:00 
Willie Mitchell          0  1  1   0  0   0  1  5  0  0  0/0    20:57   0:00   7:54 

Players Stats for Jets

Player Name              G  A  P  +/- PIM S  H  SB GA TA FO     MP     PP MP  PK MP  
------------------------------------------------------------------------------------
Cam Fowler               0  0  0   0  0   0  1  0  0  0  0/0    12:55   8:53   0:00 
Clarke MacArthur         0  0  0   0  0   1  0  0  0  0  1/1    14:17   0:15   0:00 
Dainius Zubrus           0  0  0   0  0   0  1  0  0  0  0/0     7:49   0:00   0:00 
David Backes             1  0  1   0  0   3  1  0  0  0  13/16  15:20   8:28   0:00 
David Booth              0  0  0   0  0   0  0  0  0  0  0/0     8:32   1:01   0:00 
Erik Cole                0  0  0   0  2   1  3  0  0  0  0/0    20:33   7:08   0:00 
Filip Kuba               0  0  0   0  0   0  0  0  0  0  0/0    20:49   8:38   0:00 
Henrik Sedin             1  0  1   0  0   2  0  0  0  0  12/23  21:50   7:08   0:00 
James Wisniewski         0  0  0   0  0   1  1  0  0  0  0/0    24:38   7:03   0:00 
Jamie Benn               0  2  2   0  0   3  1  0  0  0  0/0    21:50   7:08   0:00 
Kevin Klein              0  0  0   0  0   2  0  0  0  0  0/0    12:11   0:00   0:00 
Mark Fistric             0  0  0   0  0   0  0  0  0  0  0/0    10:16   0:05   0:00 
Mark Giordano            1  2  3   0  0   4  3  3  0  0  0/0    24:38   7:03   0:00 
Martin Erat              0  1  1   0  0   1  1  0  0  0  1/1    21:45   7:52   0:00 
Martin Hanzal            0  0  0   0  0   1  1  0  0  0  3/4     8:32   0:00   0:00 
Pierre-Alexandr Parentea 0  0  0   0  0   3  2  0  0  0  2/2    21:45   7:52   0:00 
Ron Hainsey              0  0  0   0  0   1  2  0  0  0  0/0    14:33   0:20   0:00 
Stephen Weiss            0  0  0   0  0   3  0  1  0  0  10/19  15:47   1:11   0:00 

3 Stars

1 - Mark Giordano (WPG)
2 - Jamie Benn (WPG)
3 - David Backes (WPG)

Power Play

Capitals - 0 on 0 Attempt(s) - 0.00%
Jets - 2 on 9 Attempt(s) - 22.22%

Penalty Kill

Capitals - 7 on 9 Attempt(s) - 77.78% - Score 0 goal in Penalty Kill
Jets - 0 on 0 Attempt(s) - 0.00% - Score 0 goal in Penalty Kill

Official

Referees : Brian Pochmara and Dan O'Rourke
Linesman : Scott Driscoll and Steve Miller

Game Notes

No Game Note

Finance

Level 1 -- Attendance: 6000 (100.00%) -- Ticket Income $690,000
Level 2 -- Attendance: 5000 (100.00%) -- Ticket Income $450,000
Level 3 -- Attendance: 2200 (100.00%) -- Ticket Income $176,000
Level 4 -- Attendance: 1015 (100.00%) -- Ticket Income $71,050
Luxury Box -- Attendance: 800 (100.00%) -- Ticket Income $240,000
Game was played at the MTS Center
Total Attendance: 15015 (100.00%)
Total Ticket Income: $1,627,050
Other Income: $244,058
Total Income: $1,871,108


% Time on Ice - Capitals

Lines # - Real PCT - Wanted PCT - Time Play
Normal Forward
1 - 31% - 40% - 13:00
2 - 32% - 30% - 13:38
3 - 28% - 20% - 11:51
4 - 8% - 10% - 3:31
Normal Defense
1 - 27% - 40% - 11:28
2 - 28% - 30% - 11:56
3 - 28% - 20% - 11:39
4 - 17% - 10% - 6:57
PP Forward
1 - 0% - 60%
2 - 0% - 40%
PP Defense
1 - 0% - 60%
2 - 0% - 40%
PK Forward
1 - 65% - 60% - 10:28
2 - 35% - 40% - 5:33
PK Defense
1 - 46% - 60% - 7:25
2 - 54% - 40% - 8:36
PK3 Forward
1 - 0% - 60%
2 - 0% - 40%
PK3 Defense
1 - 0% - 60%
2 - 0% - 40%
44 Forward
1 - 61% - 60% - 1:12
2 - 39% - 40% - 0:47
44 Defense
1 - 44% - 60% - 0:52
2 - 56% - 40% - 1:07
Last Minute Offensive  - 0:00
Last Minute Defensive  - 0:00
Total
Forward - 60:00
Defense - 60:00

% Time on Ice - Jets

Lines # - Real PCT - Wanted PCT - Time Play
Normal Forward
1 - 32% - 35% - 13:26
2 - 33% - 34% - 13:53
3 - 16% - 24% - 6:52
4 - 19% - 7% - 7:49
Normal Defense
1 - 40% - 40% - 16:39
2 - 27% - 30% - 11:08
3 - 24% - 20% - 10:11
4 - 10% - 10% - 4:02
PP Forward
1 - 45% - 50% - 7:08
2 - 55% - 50% - 8:53
PP Defense
1 - 45% - 63% - 7:08
2 - 55% - 37% - 8:53
PK Forward
1 - 0% - 60%
2 - 0% - 40%
PK Defense
1 - 0% - 60%
2 - 0% - 40%
PK3 Forward
1 - 0% - 60%
2 - 0% - 40%
PK3 Defense
1 - 0% - 60%
2 - 0% - 40%
44 Forward
1 - 64% - 60% - 1:16
2 - 36% - 40% - 0:43
44 Defense
1 - 47% - 60% - 0:56
2 - 53% - 40% - 1:03
Last Minute Offensive  - 0:00
Last Minute Defensive  - 0:00
Total
Forward - 60:00
Defense - 60:00

Play by Play

1st period


0:01 of 1st period - David Desharnais wins face-off versus Henrik Sedin in neutral zone.
0:07 of 1st period - Alexander Ovechkin is hit by Mark Giordano and loses puck.
0:44 of 1st period - Off-side.
0:45 of 1st period - Mathieu Perreault wins face-off versus Stephen Weiss in neutral zone.
0:52 of 1st period - Shot by Alexander Semin.
0:52 of 1st period - Shot Misses the Net.
3:50 of 1st period - Shot by Jamie Benn.
3:50 of 1st period - Shot Blocked by Marc Methot.
3:52 of 1st period - Shot by Henrik Sedin.
3:52 of 1st period - Goal by Henrik Sedin - Capitals : 0 - Jets : 1.
3:53 of 1st period - Jiri Tlusty wins face-off versus Martin Hanzal in neutral zone.
4:03 of 1st period - Off-side.
4:04 of 1st period - David Desharnais wins face-off versus Stephen Weiss in neutral zone.
5:23 of 1st period - Filip Kuba is hit by Willie Mitchell and loses puck.
6:04 of 1st period - Minor Penalty to Marc Methot for Roughing.
6:05 of 1st period - Jeff Halpern wins face-off versus Henrik Sedin in Capitals zone.
6:05 of 1st period - Jeff Halpern is hit by Erik Cole.
6:52 of 1st period - Shot by Cam Fowler.
6:52 of 1st period - Deflect By Clarke MacArthur.
6:52 of 1st period - Stopped by Jimmy Howard without a rebound.
6:53 of 1st period - David Backes wins face-off versus Tomas Fleischmann in Capitals zone.
7:10 of 1st period - Shot by Martin Erat.
7:10 of 1st period - Stopped by Jimmy Howard with a rebound.
7:22 of 1st period - Shot by David Backes.
7:22 of 1st period - Shot Misses the Net.
8:36 of 1st period - Shot by Taylor Hall.
8:36 of 1st period - Shot Misses the Net.
9:26 of 1st period - Shot by Henrik Sedin.
9:26 of 1st period - Shot Misses the Net.
9:28 of 1st period - Shot by Jamie Benn.
9:28 of 1st period - Shot Misses the Net.
9:36 of 1st period - Shot by Jamie Benn.
9:36 of 1st period - Shot Misses the Net.
10:17 of 1st period - Icing by Ryan McDonagh.
10:18 of 1st period - Martin Hanzal wins face-off versus Mathieu Perreault in Capitals zone.
10:41 of 1st period - Shot by Dainius Zubrus.
10:41 of 1st period - Deflect By Martin Hanzal.
10:41 of 1st period - Shot Blocked by Cory Sarich.
11:08 of 1st period - Icing by Tomas Fleischmann.
11:09 of 1st period - Mathieu Perreault wins face-off versus Stephen Weiss in Capitals zone.
11:09 of 1st period - Mathieu Perreault is hit by Martin Erat.
12:40 of 1st period - Shot by Taylor Hall.
12:40 of 1st period - Stopped by Ilya Bryzgalov without a rebound.
12:41 of 1st period - David Backes wins face-off versus Jiri Tlusty in Jets zone.
12:48 of 1st period - Shot by David Backes.
12:48 of 1st period - Shot Misses the Net.
12:50 of 1st period - Shot by Kevin Klein.
12:50 of 1st period - Stopped by Jimmy Howard without a rebound.
12:51 of 1st period - David Backes wins face-off versus Matt Stajan in Capitals zone.
13:12 of 1st period - Shot by Clarke MacArthur.
13:12 of 1st period - Shot Misses the Net.
13:14 of 1st period - Shot by Kevin Klein.
13:14 of 1st period - Stopped by Jimmy Howard without a rebound.
13:15 of 1st period - Stephen Weiss wins face-off versus Jiri Tlusty in Capitals zone.
13:28 of 1st period - Shot by Martin Erat.
13:28 of 1st period - Shot Misses the Net.
13:30 of 1st period - Shot by Mark Giordano.
13:30 of 1st period - Deflect By Stephen Weiss.
13:30 of 1st period - Stopped by Jimmy Howard without a rebound.
13:31 of 1st period - David Backes wins face-off versus Ryane Clowe in Capitals zone.
14:30 of 1st period - Off-side.
14:31 of 1st period - Henrik Sedin wins face-off versus Jiri Tlusty in neutral zone.
14:35 of 1st period - Icing by Kimmo Timonen.
14:36 of 1st period - Jiri Tlusty wins face-off versus Stephen Weiss in Capitals zone.
15:36 of 1st period - Icing by Kevin Klein.
15:37 of 1st period - Henrik Sedin wins face-off versus David Desharnais in Jets zone.
15:37 of 1st period - Henrik Sedin is hit by Ryane Clowe.
15:49 of 1st period - Shot by Henrik Sedin.
15:49 of 1st period - Shot Blocked by Willie Mitchell.
15:51 of 1st period - Shot by Henrik Sedin.
15:51 of 1st period - Stopped by Jimmy Howard without a rebound.
15:52 of 1st period - David Backes wins face-off versus Mathieu Perreault in Capitals zone.
16:19 of 1st period - Shot by David Backes.
16:19 of 1st period - Shot Misses the Net.
16:21 of 1st period - Shot by David Backes.
16:21 of 1st period - Stopped by Jimmy Howard without a rebound.
16:22 of 1st period - David Desharnais wins face-off versus Henrik Sedin in Capitals zone.
16:44 of 1st period - Shot by Henrik Sedin.
16:44 of 1st period - Shot Blocked by Willie Mitchell.
17:02 of 1st period - Shot by Alexander Ovechkin.
17:02 of 1st period - Stopped by Ilya Bryzgalov without a rebound.
17:03 of 1st period - Stephen Weiss wins face-off versus Mathieu Perreault in Jets zone.
17:26 of 1st period - Shot by Tomas Fleischmann.
17:26 of 1st period - Stopped by Ilya Bryzgalov without a rebound.
17:27 of 1st period - Jiri Tlusty wins face-off versus David Backes in Jets zone.
17:33 of 1st period - Shot by Jeff Halpern.
17:33 of 1st period - Stopped by Ilya Bryzgalov without a rebound.
17:34 of 1st period - Henrik Sedin wins face-off versus David Desharnais in Jets zone.
17:34 of 1st period - Henrik Sedin is hit by Alexander Ovechkin.
17:54 of 1st period - Mark Giordano is hit by Ryan McDonagh and loses puck.
17:56 of 1st period - Minor Penalty to Erik Cole for Hooking.
17:56 of 1st period - Minor Penalty to Ryan McDonagh for High sticking.
17:57 of 1st period - Henrik Sedin wins face-off versus David Desharnais in Capitals zone.
18:16 of 1st period - Shot by Jamie Benn.
18:16 of 1st period - Stopped by Jimmy Howard without a rebound.
18:17 of 1st period - Alexander Ovechkin wins face-off versus Henrik Sedin in Capitals zone.
19:12 of 1st period - Shot by Tomas Fleischmann.
19:12 of 1st period - Deflect By Ryane Clowe.
19:12 of 1st period - Stopped by Ilya Bryzgalov without a rebound.
19:13 of 1st period - Stephen Weiss wins face-off versus Alexander Ovechkin in Jets zone.
19:13 of 1st period - Stephen Weiss is hit by Alexander Ovechkin.
19:23 of 1st period - Shot by Martin Hanzal.
19:23 of 1st period - Shot Misses the Net.
19:25 of 1st period - Shot by Kevin Klein.
19:25 of 1st period - Shot Misses the Net.
19:27 of 1st period - Shot by Martin Hanzal.
19:27 of 1st period - Stopped by Jimmy Howard without a rebound.
19:28 of 1st period - Tomas Fleischmann wins face-off versus Stephen Weiss in Capitals zone.
19:39 of 1st period - Shot by Ryane Clowe.
19:39 of 1st period - Shot Misses the Net.

2nd period


0:01 of 2nd period - Stephen Weiss wins face-off versus David Desharnais in neutral zone.
0:47 of 2nd period - Icing by Ryan McDonagh.
0:48 of 2nd period - Henrik Sedin wins face-off versus David Desharnais in Capitals zone.
1:06 of 2nd period - Henrik Sedin is hit by Marc Methot.
1:19 of 2nd period - Off-side.
1:20 of 2nd period - David Backes wins face-off versus Jiri Tlusty in neutral zone.
1:27 of 2nd period - Mike Green is hit by David Backes.
1:39 of 2nd period - Shot by David Backes.
1:39 of 2nd period - Stopped by Jimmy Howard without a rebound.
1:40 of 2nd period - Stephen Weiss wins face-off versus Mathieu Perreault in Capitals zone.
1:40 of 2nd period - Minor Penalty to Marc Methot for High sticking.
1:41 of 2nd period - Alexander Ovechkin wins face-off versus Henrik Sedin in Capitals zone.
2:08 of 2nd period - Shot by Jamie Benn.
2:08 of 2nd period - Stopped by Jimmy Howard without a rebound.
2:09 of 2nd period - David Backes wins face-off versus Alexander Ovechkin in Capitals zone.
2:47 of 2nd period - Off-side.
2:48 of 2nd period - Ryane Clowe wins face-off versus Henrik Sedin in neutral zone.
3:13 of 2nd period - Shot by Jamie Benn.
3:13 of 2nd period - Shot Blocked by Douglas Murray.
3:15 of 2nd period - Shot by Erik Cole.
3:15 of 2nd period - Stopped by Jimmy Howard with a rebound.
3:17 of 2nd period - Shot by Erik Cole.
3:17 of 2nd period - Shot Misses the Net.
3:21 of 2nd period - Shot by James Wisniewski.
3:21 of 2nd period - Stopped by Jimmy Howard without a rebound.
3:22 of 2nd period - Tomas Fleischmann wins face-off versus David Backes in Capitals zone.
3:39 of 2nd period - Shot by David Backes.
3:39 of 2nd period - Shot Misses the Net.
3:44 of 2nd period - Jiri Tlusty is hit by Martin Hanzal and loses puck.
4:08 of 2nd period - Martin Hanzal is hit by Cory Sarich and loses puck.
4:16 of 2nd period - Jeff Halpern is hit by Ron Hainsey and loses puck.
4:22 of 2nd period - Taylor Hall is hit by Ron Hainsey and loses puck.
4:57 of 2nd period - Shot by Alexander Semin.
4:57 of 2nd period - Shot Misses the Net.
5:01 of 2nd period - Shot by Tomas Fleischmann.
5:01 of 2nd period - Goal by Tomas Fleischmann - Capitals : 1 - Jets : 1.
5:02 of 2nd period - David Desharnais wins face-off versus Stephen Weiss in neutral zone.
5:02 of 2nd period - David Desharnais is hit by Pierre-Alexandr Parenteau.
5:06 of 2nd period - Kevin Klein is hit by Alexander Ovechkin and loses puck.
5:12 of 2nd period - Icing by Pierre-Alexandr Parenteau.
5:13 of 2nd period - David Desharnais wins face-off versus Stephen Weiss in Jets zone.
5:50 of 2nd period - Shot by Martin Erat.
5:50 of 2nd period - Shot Misses the Net.
6:30 of 2nd period - Mathieu Perreault is hit by Jamie Benn and loses puck.
6:40 of 2nd period - Kimmo Timonen is hit by Mark Giordano and loses puck.
7:09 of 2nd period - Jeff Halpern is hit by Cam Fowler and loses puck.
7:31 of 2nd period - Off-side.
7:32 of 2nd period - Stephen Weiss wins face-off versus David Desharnais in neutral zone.
7:39 of 2nd period - Shot by Stephen Weiss.
7:39 of 2nd period - Stopped by Jimmy Howard without a rebound.
7:40 of 2nd period - Martin Hanzal wins face-off versus David Desharnais in Capitals zone.
7:40 of 2nd period - Martin Hanzal is hit by Douglas Murray.
8:33 of 2nd period - Minor Penalty to Douglas Murray for Roughing.
8:34 of 2nd period - Alexander Ovechkin wins face-off versus Henrik Sedin in Capitals zone.
8:56 of 2nd period - Shot by Mark Giordano.
8:56 of 2nd period - Goal by Mark Giordano - Capitals : 1 - Jets : 2.
8:57 of 2nd period - Stephen Weiss wins face-off versus Mathieu Perreault in neutral zone.
9:47 of 2nd period - Icing by Kevin Klein.
9:48 of 2nd period - Jiri Tlusty wins face-off versus Stephen Weiss in Jets zone.
9:59 of 2nd period - Shot by Taylor Hall.
9:59 of 2nd period - Shot Misses the Net.
10:05 of 2nd period - Shot by Taylor Hall.
10:05 of 2nd period - Deflect By Jiri Tlusty.
10:05 of 2nd period - Stopped by Ilya Bryzgalov without a rebound.
10:06 of 2nd period - David Desharnais wins face-off versus Henrik Sedin in Jets zone.
10:09 of 2nd period - Shot by Ryane Clowe.
10:09 of 2nd period - Shot Blocked by Mark Giordano.
10:40 of 2nd period - Shot by Ryane Clowe.
10:40 of 2nd period - Stopped by Ilya Bryzgalov with a rebound.
10:42 of 2nd period - Shot by Mike Green.
10:42 of 2nd period - Stopped by Ilya Bryzgalov with a rebound.
10:44 of 2nd period - Shot by David Desharnais.
10:44 of 2nd period - Shot Blocked by Mark Giordano.
10:46 of 2nd period - Shot by Alexander Ovechkin.
10:46 of 2nd period - Shot Blocked by Mark Giordano.
10:48 of 2nd period - Shot by Ryane Clowe.
10:48 of 2nd period - Shot Misses the Net.
11:01 of 2nd period - Taylor Hall is hit by James Wisniewski and loses puck.
12:05 of 2nd period - Double Minor Penalty to Marc Methot for Roughing.
12:06 of 2nd period - David Backes wins face-off versus Alexander Ovechkin in Capitals zone.
12:45 of 2nd period - Shot by Pierre-Alexandr Parenteau.
12:45 of 2nd period - Stopped by Jimmy Howard without a rebound.
12:46 of 2nd period - David Backes wins face-off versus Tomas Fleischmann in Capitals zone.
13:15 of 2nd period - Shot by David Backes.
13:15 of 2nd period - Deflect By Pierre-Alexandr Parenteau.
13:15 of 2nd period - Stopped by Jimmy Howard without a rebound.
13:16 of 2nd period - Henrik Sedin wins face-off versus David Desharnais in Capitals zone.
13:17 of 2nd period - Shot by Jamie Benn.
13:17 of 2nd period - Stopped by Jimmy Howard with a rebound.
13:19 of 2nd period - Shot by Henrik Sedin.
13:19 of 2nd period - Shot Misses the Net.
13:21 of 2nd period - Shot by James Wisniewski.
13:21 of 2nd period - Shot Misses the Net.
14:08 of 2nd period - Off-side.
14:09 of 2nd period - Henrik Sedin wins face-off versus Alexander Ovechkin in neutral zone.
14:20 of 2nd period - Shot by Jamie Benn.
14:20 of 2nd period - Deflect By Erik Cole.
14:20 of 2nd period - Shot Blocked by Willie Mitchell.
14:32 of 2nd period - Shot by Jamie Benn.
14:32 of 2nd period - Shot Blocked by Willie Mitchell.
14:34 of 2nd period - Shot by Mark Giordano.
14:34 of 2nd period - Stopped by Jimmy Howard without a rebound.
14:35 of 2nd period - David Backes wins face-off versus Tomas Fleischmann in Capitals zone.
14:52 of 2nd period - Shot by David Backes.
14:52 of 2nd period - Shot Misses the Net.
15:00 of 2nd period - Shot by Filip Kuba.
15:00 of 2nd period - Shot Misses the Net.
15:38 of 2nd period - Shot by Henrik Sedin.
15:38 of 2nd period - Shot Blocked by Willie Mitchell.
16:18 of 2nd period - Shot by Taylor Hall.
16:18 of 2nd period - Stopped by Ilya Bryzgalov without a rebound.
16:19 of 2nd period - Martin Hanzal wins face-off versus Mathieu Perreault in Jets zone.
16:42 of 2nd period - Shot by Dainius Zubrus.
16:42 of 2nd period - Shot Misses the Net.
16:44 of 2nd period - Shot by Ron Hainsey.
16:44 of 2nd period - Shot Misses the Net.
16:46 of 2nd period - Shot by Martin Hanzal.
16:46 of 2nd period - Shot Misses the Net.
16:52 of 2nd period - Shot by Clarke MacArthur.
16:52 of 2nd period - Shot Misses the Net.
16:54 of 2nd period - Shot by Dainius Zubrus.
16:54 of 2nd period - Shot Misses the Net.
16:56 of 2nd period - Shot by Ron Hainsey.
16:56 of 2nd period - Stopped by Jimmy Howard without a rebound.
16:57 of 2nd period - Jiri Tlusty wins face-off versus Henrik Sedin in Capitals zone.
16:57 of 2nd period - Jiri Tlusty is hit by Erik Cole.
17:04 of 2nd period - Marc Methot is hit by Mark Giordano and loses puck.
17:12 of 2nd period - Icing by Mark Giordano.
17:13 of 2nd period - Henrik Sedin wins face-off versus David Desharnais in Jets zone.
17:13 of 2nd period - Henrik Sedin is hit by Alexander Ovechkin.
17:30 of 2nd period - Shot by Alexander Ovechkin.
17:30 of 2nd period - Stopped by Ilya Bryzgalov without a rebound.
17:31 of 2nd period - Stephen Weiss wins face-off versus Tomas Fleischmann in Jets zone.
17:52 of 2nd period - Minor Penalty to Tomas Fleischmann for Tripping.
17:53 of 2nd period - Alexander Ovechkin wins face-off versus Henrik Sedin in Capitals zone.
19:17 of 2nd period - Shot by David Backes.
19:17 of 2nd period - Shot Blocked by Alexander Ovechkin.
19:19 of 2nd period - Shot by Pierre-Alexandr Parenteau.
19:19 of 2nd period - Stopped by Jimmy Howard without a rebound.
19:20 of 2nd period - Jeff Halpern wins face-off versus Henrik Sedin in Capitals zone.
19:29 of 2nd period - Shot by Mark Giordano.
19:29 of 2nd period - Stopped by Jimmy Howard without a rebound.
19:30 of 2nd period - Jeff Halpern wins face-off versus David Backes in Capitals zone.
19:43 of 2nd period - Shot by Martin Erat.
19:43 of 2nd period - Shot Misses the Net.

3rd period


0:01 of 3rd period - Martin Erat wins face-off versus David Desharnais in neutral zone.
0:24 of 3rd period - Minor Penalty to Ryan McDonagh for Holding.
0:25 of 3rd period - Henrik Sedin wins face-off versus Alexander Ovechkin in Capitals zone.
1:29 of 3rd period - Icing by James Wisniewski.
1:30 of 3rd period - Pierre-Alexandr Parenteau wins face-off versus Tomas Fleischmann in Jets zone.
1:57 of 3rd period - Shot by Mark Giordano.
1:57 of 3rd period - Stopped by Jimmy Howard with a rebound.
2:07 of 3rd period - Shot by David Backes.
2:07 of 3rd period - Goal by David Backes - Capitals : 1 - Jets : 3.
2:08 of 3rd period - Clarke MacArthur wins face-off versus Jiri Tlusty in neutral zone.
2:08 of 3rd period - Clarke MacArthur is hit by Jeff Halpern.
2:12 of 3rd period - Shot by Martin Hanzal.
2:12 of 3rd period - Shot Misses the Net.
2:14 of 3rd period - Shot by Dainius Zubrus.
2:14 of 3rd period - Shot Blocked by Marc Methot.
2:36 of 3rd period - Shot by Clarke MacArthur.
2:36 of 3rd period - Shot Misses the Net.
3:11 of 3rd period - Icing by Ryan McDonagh.
3:12 of 3rd period - Matt Stajan wins face-off versus Stephen Weiss in Capitals zone.
3:26 of 3rd period - Stephen Weiss is hit by Cory Sarich and loses puck.
3:32 of 3rd period - Icing by Ryan McDonagh.
3:33 of 3rd period - Henrik Sedin wins face-off versus Matt Stajan in Capitals zone.
3:50 of 3rd period - Jamie Benn is hit by Alexander Ovechkin and loses puck.
4:00 of 3rd period - Henrik Sedin is hit by Cory Sarich.
5:00 of 3rd period - Martin Erat is hit by Marc Methot and loses puck.
5:35 of 3rd period - Shot by David Backes.
5:35 of 3rd period - Shot Misses the Net.
5:49 of 3rd period - David Backes is hit by Jiri Tlusty and loses puck.
8:12 of 3rd period - Shot by Martin Hanzal.
8:12 of 3rd period - Shot Blocked by Kimmo Timonen.
10:01 of 3rd period - Icing by Mike Green.
10:02 of 3rd period - David Backes wins face-off versus Jiri Tlusty in Capitals zone.
10:51 of 3rd period - Shot by Tomas Fleischmann.
10:51 of 3rd period - Shot Misses the Net.
11:04 of 3rd period - Off-side.
11:05 of 3rd period - Henrik Sedin wins face-off versus Matt Stajan in neutral zone.
12:11 of 3rd period - Mike Green is hit by Erik Cole and loses puck.
12:23 of 3rd period - Douglas Murray is hit by Pierre-Alexandr Parenteau and loses puck.
12:32 of 3rd period - Shot by Stephen Weiss.
12:32 of 3rd period - Stopped by Jimmy Howard without a rebound.
12:33 of 3rd period - Stephen Weiss wins face-off versus David Desharnais in Capitals zone.
12:47 of 3rd period - Double Minor Penalty to Marc Methot for Slashing.
12:48 of 3rd period - Pierre-Alexandr Parenteau wins face-off versus Alexander Ovechkin in Capitals zone.
14:27 of 3rd period - Icing by Filip Kuba.
14:28 of 3rd period - David Backes wins face-off versus Tomas Fleischmann in Jets zone.
15:57 of 3rd period - Icing by David Booth.
15:58 of 3rd period - David Backes wins face-off versus Alexander Ovechkin in Jets zone.
16:27 of 3rd period - Shot by Tomas Fleischmann.
16:27 of 3rd period - Stopped by Ilya Bryzgalov with a rebound.
16:49 of 3rd period - Shot by Pierre-Alexandr Parenteau.
16:49 of 3rd period - Shot Blocked by Tomas Fleischmann.
18:20 of 3rd period - Marc Methot is hit by Dainius Zubrus and loses puck.
19:02 of 3rd period - Icing by James Wisniewski.
19:03 of 3rd period - Stephen Weiss wins face-off versus Mathieu Perreault in Jets zone.
19:03 of 3rd period - Stephen Weiss is hit by Alexander Semin.
19:28 of 3rd period - Shot by Alexander Semin.
19:28 of 3rd period - Shot Blocked by Stephen Weiss.
19:57 of 3rd period - Icing by Ryan McDonagh.
19:58 of 3rd period - Henrik Sedin wins face-off versus Matt Stajan in Capitals zone.


Output by the SimonT Hockey Simulator (STHS) for Stephane Roy -- Original Page W3C XHTML 1.0 Valid
Hockey Simulator - Hockey Simulation - Hockey Manager